 Dungeon Sprint DCSS version 0.30-a0-374-g95c0257040 (webtiles) character file.

Game seed: 616032019507645955

949 McGhostyFace the Carver (level 8, -1/65 HPs)
             Began as a Gnoll Wanderer on Nov 25, 2022.
             Was an Initiate of Ashenzari.
             Slain by a phantasmal warrior (29 damage)
             ... in the Dungeon (Sprint VII: "The Pits").
             The game lasted 00:04:31 (848 turns).

McGhostyFace the Carver (Gnoll Wanderer)             Turns: 848, Time: 00:04:32

Health: -1/65      AC: 14    Str:  7    XL:     8   Next: 13%
Magic:  20/20      EV:  4    Int: 14    God:    Ashenzari [......]
Gold:   0          SH:  0    Dex: 16    Spells: 24/24 levels left

rFire   . . .      SeeInvis .    c - +1 long sword (holy)
rCold   . . .      Faith    .    (no shield)
rNeg    . . .      Spirit   .    n - +3 chain mail
rPois   .          Reflect  .    (no helmet)
rElec   .          Harm     .    (no cloak)
rCorr   .          Rampage  .    b - +0 pair of gloves of the Eye in the Sky {Self, Evo} (curse)
Will    .....      NoTele   +    (no boots)
Stlth   +.........               (no amulet)
HPRegen 0.30/turn                (no ring)
MPRegen 0.17/turn                (no ring)

@: weak-willed
A: fangs 1, strong nose, distributed training
a: Renounce Religion, Shatter the Chains


You were in the Dungeon.
You worshipped Ashenzari.
Ashenzari was noncommittal.
You visited 1 branch

Inventory:

Hand Weapons
 a - a +2 falchion
 c - a +1 long sword of holy wrath (weapon)
Armour
 b - the cursed +0 pair of gloves of the Eye in the Sky (worn) {Self, Evo}

   It has a curse which improves the following skills: Introspection: Fighting
   and Spellcasting.
   Evocations: Evocations.
 d - a +0 robe
 n - a +3 chain mail (worn)
Scrolls
 j - a scroll of blinking
 l - 5 scrolls of amnesia
 m - a scroll of summoning
Potions
 e - 5 potions of heal wounds
 f - 5 potions of curing
 g - a potion of haste
 h - 4 potions of magic
 i - 2 potions of berserk rage
 k - 2 potions of invisibility


   Skills:
 + Level 6.4(6.8) Fighting
 + Level 6.4 Short Blades
 + Level 10.7 Long Blades
 + Level 6.4 Axes
 + Level 6.4 Maces & Flails
 + Level 6.4 Polearms
 + Level 6.4 Staves
 + Level 6.4 Ranged Weapons
 + Level 6.4 Throwing
 + Level 6.4 Armour
 + Level 6.4 Dodging
 + Level 6.9 Stealth
 + Level 6.4 Shields
 + Level 8.0 Unarmed Combat
 + Level 8.2(8.7) Spellcasting
 + Level 5.3 Conjurations
 + Level 5.3 Hexes
 + Level 5.3 Summonings
 + Level 5.3 Necromancy
 + Level 5.3 Translocations
 + Level 5.3 Transmutations
 + Level 5.3 Fire Magic
 + Level 5.3 Ice Magic
 + Level 5.3 Air Magic
 + Level 5.3 Earth Magic
 + Level 5.3 Poison Magic
 + Level 7.5 Invocations
 + Level 6.4(6.8) Evocations


You had 24 spell levels left.
You didn't know any spells.
Your spell library was empty.

Dungeon Overview and Level Annotations

Branches:
Dungeon (1/1)

Altars:
Ashenzari
Cheibriados
Dithmenos
Elyvilon
Fedhas
Gozag
Hepliaklqana
Kikubaaqudgha
Makhleb
Nemelex Xobeh
Okawaru
Qazlal
Ru
Sif Muna
Trog
Uskayaw
Vehumet
Wu Jian
Xom
Yredelemnul
Zin
The Shining One
Jiyva
Lugonu

Annotations:
D Gastronok


Innate Abilities, Weirdness & Mutations

You have very sharp teeth.
Your uncanny sense of smell can sniff out nearby items.
Your experience applies equally to all skills.


Message History

You open the door.
A mummy, Gastronok and a phantasmal warrior come into view.
Gastronok is wearing a +1 hat of intelligence.
Gastronok gurgles horribly!
The phantasmal warrior gestures at you.
The phantasmal warrior blinks!
Which direction?
Which direction?
You close the door.
There is an open door, spattered with blood here.
Things that are here:
a +0 dagger; a +0 robe Something unseen breaks down the door.
Which direction?
Which direction?
You close the door, pushing everything out of the way.
There is an open door, spattered with blood here.
Things that are here:
a +0 robe; a +0 dagger; a hound corpse Something unseen opens the door.
There are monsters nearby!
You close the door, pushing everything out of the way.
Things that are here:
a +0 robe; a hound corpse Something unseen opens the door.
The phantasmal warrior gestures at you.
The phantasmal warrior blinks!
There are monsters nearby!
There are monsters nearby!
The phantasmal warrior gestures at you.
The phantasmal warrior blinks!
The phantasmal warrior gestures at you.
The phantasmal warrior blinks!
The phantasmal warrior attacks as you move away!
The phantasmal warrior hits you!
The phantasmal warrior attacks as you move away!
The phantasmal warrior hits you!!
Your willpower is stripped away!
The phantasmal warrior attacks as you move away!
The phantasmal warrior hits you!!
You die...

#.##÷####'###......
#.#........##......
#.#........##......
#.#####'#####...<..
#.#...)))[.##......
#.#....))..##......
#)###########......
#)......#..########
#.@###..#)######
#.W.....#)#....#∆∆∆
##.###.##'#....#∆
#.......#.Mw..w+∆
#..###M.#)#..W.#∆
#......['.# .§.#∆
########### ###


You could see a phantasmal warrior.

Vanquished Creatures
  A kobold demonologist (D)
  A flying skull (D)
  A floating eye (D)
  A kobold brigand (D)
  A scorpion (D)
  A necrophage (D)
  A bullfrog (D)
  An orc priest (D)
  A hound (D)
  Crazy Yiuf (D)
  2 orc wizards (D)
  An adder (D)
  2 gnolls (D)
  A river rat (D)
  An endoplasm (D)
  2 giant cockroaches (D)
  4 jackals (D)
  A quokka (D)
  A quokka skeleton (D)
25 creatures vanquished.

Notes
Turn   | Place    | Note
-------+----------+-------------------------------------------
     0 | D        | McGhostyFace the Gnoll Wanderer began the quest for the
                  | Orb.
     0 | D        | McGhostyFace set off with the following items: a +2
                  | falchion, a +0 pair of gloves, a potion of lignification, a
                  | +0 robe, a potion of curing, a potion of heal wounds, a
                  | potion of haste, 2 potions of magic, a potion of berserk
                  | rage, a scroll of blinking.
     0 | D        | Reached XP level 1. HP: 13/13 MP: 6/6
    18 | D        | Found a bloodstained altar of Trog.
    18 | D        | Found a shimmering blue altar of Sif Muna.
    18 | D        | Found a viscous altar of Jiyva.
    18 | D        | Found a hazy altar of Hepliaklqana.
    18 | D        | Found an opulent altar of Gozag.
    19 | D        | Found a glowing golden altar of the Shining One.
    19 | D        | Found a glowing silver altar of Zin.
    19 | D        | Found a basalt altar of Yredelemnul.
    19 | D        | Found a shimmering altar of Xom.
    19 | D        | Found an ornate altar of the Wu Jian Council.
    19 | D        | Found a sacrificial altar of Ru.
    19 | D        | Found a stormy altar of Qazlal.
    19 | D        | Found an iron altar of Okawaru.
    19 | D        | Found a sparkling altar of Nemelex Xobeh.
    19 | D        | Found a burning altar of Makhleb.
    19 | D        | Found a blossoming altar of Fedhas.
    19 | D        | Found a white marble altar of Elyvilon.
    19 | D        | Found a shadowy altar of Dithmenos.
    19 | D        | Found a snail-covered altar of Cheibriados.
    21 | D        | Found a radiant altar of Vehumet.
    21 | D        | Found a corrupted altar of Lugonu.
    22 | D        | Found a hide-covered altar of Uskayaw.
    22 | D        | Found an ancient bone altar of Kikubaaqudgha.
    22 | D        | Found a broken altar of Ashenzari.
    32 | D        | Became a worshipper of Ashenzari the Shackled
    81 | D        | Noticed a scorpion
    96 | D        | Killed a scorpion
    97 | D        | Reached skill level 5 in Unarmed Combat
    97 | D        | Reached skill level 5 in Spellcasting
    97 | D        | Reached XP level 2. HP: 14/23 MP: 6/8
    97 | D        | Reached XP level 3. HP: 17/28 MP: 7/10
    97 | D        | Reached XP level 4. HP: 21/34 MP: 7/11
   184 | D        | Reached skill level 9 in Long Blades
   247 | D        | Noticed a flying skull
   247 | D        | Noticed a floating eye
   253 | D        | Paralysed by a floating eye for 3 turns
   268 | D        | Killed a flying skull
   269 | D        | Reached skill level 5 in Stealth
   269 | D        | Reached skill level 5 in Invocations
   269 | D        | Reached XP level 5. HP: 10/42 MP: 12/14
   269 | D        | Reached XP level 6. HP: 11/48 MP: 12/15
   271 | D        | Paralysed by a floating eye for 3 turns
   272 | D        | HP: 1/48 [adder (2)]
   276 | D        | Paralysed by a floating eye for 3 turns
   289 | D        | Paralysed by a floating eye for 3 turns
   293 | D        | Paralysed by a floating eye for 2 turns
   296 | D        | Paralysed by a floating eye for 2 turns
   302 | D        | Killed a floating eye
   602 | D        | Noticed Crazy Yiuf
   612 | D        | Reached skill level 5 in Fighting
   612 | D        | Reached skill level 5 in Short Blades
   612 | D        | Reached skill level 5 in Axes
   612 | D        | Reached skill level 5 in Maces & Flails
   612 | D        | Reached skill level 5 in Polearms
   612 | D        | Reached skill level 5 in Staves
   612 | D        | Reached skill level 5 in Ranged Weapons
   612 | D        | Reached skill level 5 in Throwing
   612 | D        | Reached skill level 5 in Armour
   612 | D        | Reached skill level 5 in Dodging
   612 | D        | Reached skill level 5 in Shields
   612 | D        | Reached skill level 5 in Evocations
   616 | D        | Reached skill level 10 in Long Blades
   618 | D        | Killed Crazy Yiuf
   619 | D        | Reached XP level 7. HP: 42/56 MP: 17/17
   787 | D        | Noticed a kobold demonologist
   794 | D        | Killed a kobold demonologist
   795 | D        | Reached skill level 5 in Conjurations
   795 | D        | Reached skill level 5 in Hexes
   795 | D        | Reached skill level 5 in Summonings
   795 | D        | Reached skill level 5 in Necromancy
   795 | D        | Reached skill level 5 in Translocations
   795 | D        | Reached skill level 5 in Transmutations
   795 | D        | Reached skill level 5 in Fire Magic
   795 | D        | Reached skill level 5 in Ice Magic
   795 | D        | Reached skill level 5 in Air Magic
   795 | D        | Reached skill level 5 in Earth Magic
   795 | D        | Reached skill level 5 in Poison Magic
   795 | D        | Reached XP level 8. HP: 62/64 MP: 20/20
   828 | D        | Noticed Gastronok
   828 | D        | Noticed a phantasmal warrior
   848 | D        | Slain by a phantasmal warrior

Illustrated notes

Levels and vault maps discovered:
D:        pitsprint [storerooms_1, entrance_room_1, metal_vault_6, armoury_3,
          mini_pit_1, grid_room_1, main_hall_1, silver_pit, the_coven_2,
          the_vestibule_1, steel_vault_5, golden_pit, hallway_of_sentries,
          crystal_vault_2, iron_vault_2, final_vault]

Skill      XL: |  1  2  3  4  5  6  7  8 |
---------------+-------------------------+-----
Fighting       | 2 4 5 6 |  6.4
Short Blades   | 2 4 5 6 |  6.4
Axes           | 2 4 5 6 |  6.4
Maces & Flails | 2 4 5 6 |  6.4
Polearms       | 2 4 5 6 |  6.4
Staves         | 2 4 5 6 |  6.4
Ranged Weapons | 2 4 5 6 |  6.4
Throwing       | 2 4 5 6 |  6.4
Armour         | 2 4 5 6 |  6.4
Dodging        | 2 4 5 6 |  6.4
Stealth        | 3 5 6 |  6.9
Shields        | 2 4 5 6 |  6.4
Unarmed Combat | 5 6 7 8 |  8.0
Spellcasting   | 5 6 7 8 |  8.2
Conjurations   | 2 3 4 5 |  5.3
Hexes          | 2 3 4 5 |  5.3
Summonings     | 2 3 4 5 |  5.3
Necromancy     | 2 3 4 5 |  5.3
Translocations | 2 3 4 5 |  5.3
Transmutations | 2 3 4 5 |  5.3
Fire Magic     | 2 3 4 5 |  5.3
Ice Magic      | 2 3 4 5 |  5.3
Air Magic      | 2 3 4 5 |  5.3
Earth Magic    | 2 3 4 5 |  5.3
Poison Magic   | 2 3 4 5 |  5.3
Invocations    | 3 5 6 7 |  7.5
Evocations     | 2 4 5 6 |  6.4
Long Blades    | 9 10 | 10.7

Action                   |  1- 3 |  4- 6 |  7- 9 || total
-------------------------+-------+-------+-------++-------
Melee: Falchion          |    13 |    58 |       ||    71
       Bite              |     2 |     8 |     3 ||    13
       Punch             |       |     2 |     2 ||     4
       Long sword        |       |    15 |    51 ||    66
Invok: Curse Item        |       |       |     1 ||     1
  Use: Potion            |       |     4 |       ||     4
 Stab: Sleeping          |     1 |     2 |       ||     3
Armor: Skin              |       |    39 |       ||    39
       Robe              |       |     8 |       ||     8
       Chain mail        |       |     7 |    28 ||    35
Dodge: Dodged            |     9 |    41 |     6 ||    56

Table legend: (Time is in decaauts)
 A = Elapsed time spent in this place.
 B = Non-inter-level travel time spent in this place.
 C = Inter-level travel time spent in this place.
 D = Time resting spent in this place.
 E = Time spent auto-exploring this place.
 F = Levels seen in this place.
 G = Mean time per level.
                   A        B        C        D        E       F      G
               +--------+--------+--------+--------+--------+-----+--------+
         Total |    833 |    833 |      0 |    453 |      0 |   1 |  833.0 |
       Dungeon |    833 |    833 |      0 |    453 |      0 |   1 |  833.0 |
               +--------+--------+--------+--------+--------+-----+--------+

Top non-repeatable levels by time:
       D: 833 daAuts
